 Dungeon Crawl Stone Soup version 0.27-a0-1442-g87b6fcb (webtiles) character file.

Game seed: 11519125705234326475

294 Meow the Firebug (level 6, -8/45 HPs)
             Began as a Ghoul Fire Elementalist on July 4, 2021.
             Mangled by a wyvern (9 damage)
             ... on level 5 of the Dungeon.
             The game lasted 00:14:44 (5117 turns).

Meow the Firebug (Ghoul Fire Elementalist)          Turns: 5117, Time: 00:14:45

Health: -8/45      AC:  4    Str: 12    XL:     6   Next: 34%
Magic:  3/10       EV: 12    Int: 12    God:
Gold:   159        SH:  0    Dex:  9    Spells: 3/11 levels left

rFire    + . .     SeeInvis .   (no weapon)
rCold    + . .     Faith    .   (no shield)
rNeg     + + +     Spirit   .   a - +0 robe
rPois    ∞         Reflect  .   l - +1 helmet
rElec    .         Harm     .   (no cloak)
rCorr    .         Rampage  .   (no gloves)
Will     .....                  (no boots)
Stlth    ++........             (no amulet)
HPRegen  0.00/turn              e - ring of protection from fire
MPRegen  0.12/turn              (no ring)

@: no status effects
A: claws 1, cold resistance 1, negative energy resistance 3, inhibited
regeneration, torment resistance 2
a: no special abilities


You were on level 5 of the Dungeon.
You visited 1 branch of the dungeon, and saw 5 of its levels.

You collected 159 gold pieces.

Inventory:

Hand Weapons
 t - a +0 quarterstaff
Missiles
 c - 128 stones
 d - 50 sling bullets
 g - 26 poisoned darts
 h - 52 bolts
 n - 20 arrows
Armour
 a - a +0 robe (worn)
 l - a +1 helmet (worn)
 s - a +0 leather armour of positive energy
Jewellery
 e - a ring of protection from fire (left claw)
 r - a ring of ice
Wands
 p - a wand of flame (14)
Scrolls
 k - a scroll of amnesia
 o - a scroll of enchant weapon {unknown}
Potions
 b - 2 potions of flight
 f - a potion of attraction
 m - a potion of curing
 q - a potion of heal wounds


   Skills:
 - Level 1.7 Dodging
 - Level 2.1 Stealth
 + Level 3.4 Spellcasting
 + Level 2.9 Conjurations
 + Level 3.8 Fire Magic


You had 3 spell levels left.
You knew the following spells:

 Your Spells              Type           Power      Damage    Failure   Level
a - Foxfire               Conj/Fire      40%        2x1d6     6%          1
t - Sticky Flame          Conj/Fire      10%        2d3       52%         4
C - Conjure Flame         Conj/Fire      10%        6-21      19%         3

Your spell library contained the following spells:

 Spells                   Type           Power      Damage    Failure   Level
 Animate Skeleton         Necr           4%         N/A       24%         1
 Pain                     Necr           8%         1d4       24%         1
 Inner Flame              Hex/Fire       6%         N/A       32%         3
 Vampiric Draining        Necr           1%         2d6       56%         3
 Fireball                 Conj/Fire      5%         3d5       86%         5
 Cause Fear               Hex            1%         N/A       93%         4
 Discord                  Hex            1%         N/A       100%        8


Dungeon Overview and Level Annotations

Branches:
Dungeon (5/15)
 Temple: D:4-7

Altars:
Qazlal


Innate Abilities, Weirdness & Mutations

You thrive by killing the living.
You are immune to poison.
You have sharp fingernails.
Your flesh is cold resistant. (rC+)
You are immune to negative energy. (rN+++)
You do not regenerate when monsters are visible.
You are immune to unholy pain and torment.


Message History

Okay, then.
Unknown command.
Casting: Foxfire (safe; 6% risk of failure)
Confirm with . or Enter, or press ? or * to list all spells.
You conjure some foxfire!
Casting: Foxfire (safe; 6% risk of failure)
Confirm with . or Enter, or press ? or * to list all spells.
You don't know that spell.
Casting: Foxfire (safe; 6% risk of failure)
Confirm with . or Enter, or press ? or * to list all spells.
You conjure some foxfire!
The foxfire hits the wyvern.
The wyvern is lightly wounded.
The foxfire hits the ogre.
The ogre is heavily wounded.
The foxfire hits the ogre.
The ogre is severely wounded.
The foxfire hits the wyvern.
The wyvern is moderately wounded.
The wyvern bites you!
Casting: Foxfire (safe; 6% risk of failure)
Confirm with . or Enter, or press ? or * to list all spells.
You conjure some foxfire!
The foxfire hits the wyvern.
The wyvern is moderately wounded.
The foxfire hits the wyvern.
The wyvern is heavily wounded.
The wyvern bites you. The wyvern bites you!
Casting: Foxfire (safe; 6% risk of failure)
Confirm with . or Enter, or press ? or * to list all spells.
You conjure some foxfire!
The foxfire hits the wyvern.
The wyvern is heavily wounded.
The foxfire hits the wyvern.
The wyvern is heavily wounded.
The wyvern bites you!
* * * LOW HITPOINT WARNING * * *
Casting: Foxfire (safe; 6% risk of failure)
Confirm with . or Enter, or press ? or * to list all spells.
You conjure some foxfire!
The foxfire hits the ogre.
The ogre is severely wounded.
The wyvern bites you!
You die...

### ..# #.#
#.# #<#####
#.lvv.#.#
#.O@§..#
......v§§.##
#####......#
#.......#
###$####.#
#.# .# #.# #
..#


You could see a wyvern (ally target) and an ogre (ally target).

Vanquished Creatures
  A black bear (D:4)
  A hound (D:4)
  A hound skeleton (D:4)
  4 gnolls (D:3)
  4 adders
  2 worms (D:2)
  3 dart slugs
  4 orcs (D:4)
  4 endoplasms
  2 giant cockroaches
  6 hobgoblins
  6 jackals (D:4)
  6 kobolds
  5 quokkas
  3 ball pythons
  3 bats
  A frilled lizard (D:2)
  8 goblins
  6 rats
70 creatures vanquished.

Vanquished Creatures (others)
  293 foxfires
293 creatures vanquished.

Grand Total: 363 creatures vanquished

Notes
Turn   | Place    | Note
-------+----------+-------------------------------------------
     0 | D:1      | Meow the Ghoul Fire Elementalist began the quest for the
                  | Orb.
     0 | D:1      | Reached XP level 1. HP: 14/14 MP: 2/2
   200 | D:1      | Found a faded altar of an unknown god.
   291 | D:1      | Reached skill level 1 in Conjurations
   320 | D:1      | Reached XP level 2. HP: 19/20 MP: 0/4
   989 | D:2      | Reached XP level 3. HP: 24/26 MP: 1/5
   993 | D:2      | Learned a level 3 spell: Conjure Flame
  2434 | D:3      | Reached XP level 4. HP: 33/33 MP: 2/6
  2550 | D:3      | Learned a level 4 spell: Sticky Flame
  3682 | D:3      | Reached XP level 5. HP: 38/38 MP: 0/8
  4207 | D:4      | Found a stormy altar of Qazlal.
  4438 | D:4      | Noticed a black bear
  4552 | D:4      | Killed a black bear
  4553 | D:4      | Reached XP level 6. HP: 39/45 MP: 1/10
  4848 | D:5      | Entered Level 5 of the Dungeon
  4852 | D:5      | Noticed a water moccasin
  5112 | D:5      | Noticed a wyvern
  5116 | D:5      | HP: 1/45 [wyvern (14)]
  5117 | D:5      | Mangled by a wyvern

Illustrated notes

Levels and vault maps discovered:
D:1:      saegor_arrival_simple_d, layout_rooms,
          chequers_ecumenical_altar_simple_redux
D:2:      layout_basic, serial_aquarium, aquarium_bridge_straight
          [aquarium_subvault_bridge, aquarium_subvault_wall,
          aquarium_subvault_bridge, aquarium_subvault_wall],
          aquarium_bridge_straight [aquarium_subvault_bridge,
          aquarium_subvault_wall, aquarium_subvault_bridge,
          aquarium_subvault_balcony], aquarium_window_2, aquarium_window_2,
          aquarium_view_2f, aquarium_balcony_double_1
D:3:      layout_loops_corners
D:4:      layout_rooms, grunt_qazlal_clouds, hangedman_abyss_or_decor_stagger,
          st_stairs_10, grunt_decor_mini_mirrors
D:5:      layout_loops_ring, minmay_temple_entry_proselytizer,
          minmay_strange_pillars, nrook_mini_backslash

Skill      XL: |  1  2  3  4  5 |
---------------+----------------+-----
Conjurations   | 1 2 |  2.9
Spellcasting   | 2 3 |  3.4
Fire Magic     | 3 |  3.8
Dodging        | |  1.7
Stealth        | |  2.1

Action                   |  1- 3 |  4- 6 || total
-------------------------+-------+-------++-------
Melee: Unarmed           |    10 |    21 ||    31
 Cast: Foxfire           |    79 |   109 ||   188
  Use: Scroll            |       |     8 ||     8
Armor: Robe              |     6 |    10 ||    16
Dodge: Dodged            |    21 |    30 ||    51

Table legend: (Time is in decaauts)
 A = Elapsed time spent in this place.
 B = Non-inter-level travel time spent in this place.
 C = Inter-level travel time spent in this place.
 D = Time resting spent in this place.
 E = Time spent auto-exploring this place.
 F = Levels seen in this place.
 G = Mean time per level.
                   A        B        C        D        E       F      G
               +--------+--------+--------+--------+--------+-----+--------+
         Total |   5123 |   4610 |    513 |   1514 |   2305 |   5 | 1024.6 |
       Dungeon |   5123 |   4610 |    513 |   1514 |   2305 |   5 | 1024.6 |
               +--------+--------+--------+--------+--------+-----+--------+

Top non-repeatable levels by time:
     D:3: 1677 daAuts
     D:2: 1423 daAuts
     D:4: 1195 daAuts
     D:1: 789 daAuts
     D:5: 38 daAuts
